 Dungeon Crawl Stone Soup version 0.28-a0-1518-gbe868bca14 (webtiles) character file.

Game seed: 9914698614762421271

8 knot the Chopper (level 2, 19/36 HPs)
             Began as a Demonspawn Berserker on Jan 17, 2022.
             Was a Follower of Trog.
             Quit the game on level 1 of the Dungeon.
             The game lasted 00:00:11 (114 turns).

knot the Chopper (Demonspawn Berserker)              Turns: 114, Time: 00:00:12

Health: 19/36      AC:  4    Str: 17    XL:     2   Next: 0%
Magic:  2/2        EV: 12    Int:  8    God:    Trog [*.....]
Gold:   47         SH:  0    Dex: 12    Spells: 1/1 levels left

rFire   . . .      SeeInvis .   a - +0 hand axe
rCold   . . .      Faith    .   (no shield)
rNeg    . . .      Spirit   .   b - +0 animal skin
rPois   .          Reflect  .   (no helmet)
rElec   .          Harm     .   (no cloak)
rCorr   .          Rampage  .   (no gloves)
Will    .....                   (no boots)
Stlth   ..........              (no amulet)
HPRegen 0.12/turn               (no ring)
MPRegen 0.08/turn               (no ring)

@: berserking, very quick
A: yellow scales 1
a: Renounce Religion, Berserk


You were on level 1 of the Dungeon.
You worshipped Trog.
Trog was aware of your devotion.
You visited 1 branch of the dungeon, and saw 1 of its levels.

You collected 47 gold pieces.

Inventory:

Hand Weapons
 a - a +0 hand axe (weapon)
Armour
 b - a +0 animal skin (worn)


   Skills:
 - Level 3.0 Fighting
 + Level 3.2 Axes
 - Level 1.7 Armour
 - Level 1.7 Dodging


You had one spell level left.
You didn't know any spells.
Your spell library was empty.

Dungeon Overview and Level Annotations

Branches:
Dungeon (1/15)

Altars:


Innate Abilities, Weirdness & Mutations

You are partially covered in yellow scales. (AC +2)


Message History

A kobold comes into view. It is wielding a +0 short sword.
The kobold shouts!
You see here 2 pink potions.
A kobold is nearby!
A ball python comes into view.
A dart slug comes into view.
A goblin comes into view. It is wielding a +0 club.
The kobold barely misses you.
You closely miss the kobold. The kobold barely misses you.
You closely miss the kobold.
The goblin shouts!
You hit the ball python but do no damage.
The kobold barely misses you. The ball python bites you.
The ball python barely misses you.
You hit the kobold but do no damage. You barely miss the ball python.
The kobold barely misses you.
The ball python bites you but does no damage.
The ball python grabs you. The ball python constricts you.
You hit the ball python.
You kill the ball python!
Trog accepts your kill.
You closely miss the kobold. The kobold barely misses you.
The kobold hits you but does no damage.
A red film seems to cover your vision as you go berserk!
You feel yourself moving faster!
You feel mighty! The dart slug launches a dart at you. The slug dart hits you.
The kobold hits you with a +0 short sword.
You barely miss the kobold. You closely miss the kobold. You hit the dart slug.
The kobold barely misses you.
You slash the dart slug!
You kill the dart slug!
Trog accepts your kill.
You closely miss the kobold.
The kobold hits you with a +0 short sword.
You have reached level 2!
Your demonic ancestry asserts itself...
Yellow scales grow over part of your body.
Are you sure you want to abandon this character and quit the game? (Confirm with "yes".)

#...............#.##
#..............)..##
#........#.....#....
#.##.....##...##.... .
##........###.###....
..##.....!###.##.##.###.
...........###.#.#.## .
.#.........###.#.## .
#....@.......#<#......
#...K†....###.#.###...
#....g...###.# #.# .
##......###.# #.#
#.........# #..
.......... ...
#.......... ...
............ ..


You could see a goblin and a kobold.

Vanquished Creatures
  A dart slug (D:1)
  2 ball pythons (D:1)
  A goblin (D:1)
  2 rats (D:1)
6 creatures vanquished.

Notes
Turn   | Place    | Note
-------+----------+-------------------------------------------
     0 | D:1      | knot the Demonspawn Berserker began the quest for the Orb.
     0 | D:1      | Reached XP level 1. HP: 18/18 MP: 1/1
   114 | D:1      | Gained mutation: You are partially covered in yellow
                  | scales. (AC +2) [demonic ancestry]
   114 | D:1      | Reached XP level 2. HP: 19/24 MP: 2/2
   114 | D:1      | Quit the game

Illustrated notes

Levels and vault maps discovered:
D:1:      roderic_crossed_star, layout_rooms

Skill      XL: |  1 |
---------------+----+-----
Axes           | 3 |  3.2
Fighting       | |  3.0
Armour         | |  1.7
Dodging        | |  1.7

Action                   || total
-------------------------++-------
Melee: Hand axe          ||    18
       Punch             ||     1
Invok: Berserk           ||     1
Armor: Animal skin       ||     3
Dodge: Dodged            ||    16

Table legend: (Time is in decaauts)
 A = Elapsed time spent in this place.
 B = Non-inter-level travel time spent in this place.
 C = Inter-level travel time spent in this place.
 D = Time resting spent in this place.
 E = Time spent auto-exploring this place.
 F = Levels seen in this place.
 G = Mean time per level.
                   A        B        C        D        E       F      G
               +--------+--------+--------+--------+--------+-----+--------+
         Total |    115 |    115 |      0 |      0 |     77 |   1 |  115.0 |
       Dungeon |    115 |    115 |      0 |      0 |     77 |   1 |  115.0 |
               +--------+--------+--------+--------+--------+-----+--------+

Top non-repeatable levels by time:
     D:1: 115 daAuts
